Map: Amygdala

Players

JDR

  • Race: Protoss Protoss
  • League: Platinum
  • Spawn Location: 7:00

WeAreLegion - Winner!

  • Race: Terran Terran
  • League: Silver
  • Spawn Location: 1:00

VOD

Have the link to the VOD?

Description

Time

  • Played on: Dec. 14, 2024, 12:40 a.m.
  • Length: 10:35
Show
View Real Time Build Order
Export as new Build Order

JDR Protoss 

Build Orders:  

Get SALT Encoding   

  12  0:00  Probe  
  13  0:12  Probe  
  14  0:21  Pylon  
  14  0:24  Probe  
  15  0:30  Assimilator  
  15  0:36  Probe  
  16  0:44  Probe  
  17  0:59  Probe  
  18  1:08  Gateway  
  18  1:12  Forge  
  18  1:14  Probe  
  18  1:27  Probe  
  19  1:35  Assimilator, Probe  
  20  1:43  Probe  
  21  1:55  Cybernetics Core  
  21  2:02  Photon Cannon  
  21  2:08  Probe  
  22  2:20  Probe  
  23  2:24  Pylon  
  23  2:25  Warp Gate  
  23  2:36  Stargate  
  23  2:39  Stalker  
  23  2:42  Probe  
  23  3:08  Probe  
  24  3:16  Void Ray  
  28  3:34  Pylon  
  28  3:37  Probe  
  33  3:59  Shield Battery, Void Ray  
  33  4:17  Probe  
  34  4:24  Gateway  
  34  4:26  Gateway  
  34  4:30  Probe  
  39  4:42  Void Ray  
  39  5:17  Nexus  
  39  5:22  Pylon  
  39  5:23  Pylon  
  39  5:25  Protoss Shields Level 1  
  39  5:40  Probe  
  44  5:46  Void Ray, Stargate  
  44  5:52  Probe  
  45  6:04  Shield Battery  
  45  6:07  Shield Battery  
  45  6:24  Stalker x2  
  44  6:43  Probe  
  44  6:51  Probe  
  45  6:59  Probe  
  47  7:01  Probe  
  48  7:13  Probe  
  49  7:25  Probe  
  54  7:30  Void Ray  
  54  7:32  Probe  
  54  7:33  Probe  
  54  7:36  Void Ray  
  59  7:41  Probe  
  61  7:52  Fleet Beacon  
  61  7:54  Pylon  
  61  7:58  Probe  
  61  8:02  Probe  
  63  8:14  Protoss Air Weapons Level 1, Probe  
  64  8:33  Probe  
  65  8:45  Probe  
  64  8:54  Carrier  
  70  8:57  Probe  
  67  9:09  Probe  
  68  9:12  Phoenix  
  70  9:20  Assimilator  
  70  9:21  Probe  
  59  9:33  Probe  
  36  10:05  Stalker x2  
  44  10:07  Zealot  
Show
View Real Time Build Order
Export as new Build Order

WeAreLegion Terran - Winner!

Build Orders: Reaper Expand 

Get SALT Encoding   

  12  0:00  SCV  
  13  0:13  SCV  
  14  0:18  Supply Depot  
  14  0:25  SCV  
  15  0:39  SCV  
  15  0:41  Barracks  
  16  0:44  Refinery  
  16  0:58  SCV  
  17  1:10  SCV  
  18  1:28  Orbital Command  
  18  1:30  Reaper  
  19  1:40  Command Center  
  19  1:51  Supply Depot  
  19  1:53  SCV  
  20  2:02  Marine  
  20  2:07  Factory  
  21  2:09  SCV  
  22  2:21  SCV  
  23  2:24  Marine  
  24  2:33  SCV  
  25  2:45  SCV  
  26  2:53  Orbital Command  
  26  2:57  SCV  
  27  3:05  Factory Tech Lab  
  26  3:09  Starport  
  26  3:10  SCV  
  26  3:12  Barracks Tech Lab  
  27  3:18  Barracks Reactor  
  27  3:20  SCV  
  27  3:22  SCV  
  27  3:25  Refinery  
  29  3:33  Supply Depot x2, SCV  
  30  3:40  SCV  
  31  3:45  SCV  
  32  3:50  Medivac  
  32  3:52  SCV  
  35  3:57  Marine x2  
  37  4:05  SCV x2  
  37  4:09  Widow Mine  
  41  4:15  Barracks  
  41  4:17  SCV x2, Barracks  
  41  4:19  Engineering Bay  
  41  4:23  Armory  
  43  4:30  Refinery  
  43  4:32  SCV x2, Refinery  
  43  4:35  Widow Mine  
  47  4:40  Viking  
  47  4:41  Marine x2  
  47  4:44  SCV x2  
  53  4:51  Terran Infantry Weapons Level 1  
  53  4:56  SCV x2, Missile Turret  
  53  4:59  Marine x2  
  57  5:05  Missile Turret  
  57  5:08  SCV x2  
  57  5:10  Command Center  
  57  5:12  Barracks Tech Lab, Siege Tank  
  62  5:17  Barracks Reactor  
  62  5:22  Starport Tech Lab  
  62  5:35  SCV x2  
  64  5:37  Supply Depot  
  64  5:40  Supply Depot, Marine x2  
  64  5:41  Marauder  
  68  5:47  SCV x2  
  70  5:51  Terran Vehicle Weapons Level 1  
  70  5:52  Barracks  
  70  5:54  Barracks  
  70  5:59  SCV x2  
  70  6:00  Marine x4  
  70  6:01  Supply Depot  
  70  6:03  Supply Depot, Marauder  
  78  6:05  Siege Tank  
  83  6:11  SCV x2  
  81  6:44  Starport  
  81  6:45  Starport  
  79  7:09  SCV x2  
  79  7:13  Marine x4  
  85  7:15  Viking x2  
  85  7:21  SCV x2  
  91  7:23  Terran Infantry Weapons Level 2  
  91  7:25  Starport Reactor  
  91  7:26  Starport Reactor  
  91  7:27  Barracks Tech Lab  
  91  7:28  Barracks Reactor  
  91  7:29  Stimpack  
  91  7:30  Marine  
  91  7:31  Marine, Marauder x2  
  91  7:33  SCV  
  91  7:34  Supply Depot  
  98  7:40  SCV  
  98  7:42  Orbital Command  
  98  7:43  Supply Depot  
  99  7:45  SCV, Viking x2  
  99  7:48  Marine x2  
  106  7:52  SCV, Marine  
  106  7:53  Marauder  
  106  7:54  Missile Turret  
  110  7:58  Missile Turret  
  110  8:03  Supply Depot  
  110  8:05  Missile Turret  
  110  8:06  Marine  
  110  8:07  Terran Ship Weapons Level 1  
  110  8:09  Missile Turret x2  
  110  8:10  Marauder  
  113  8:13  Supply Depot  
  113  8:14  SCV x3  
  113  8:16  Marine x2  
  118  8:22  Viking  
  118  8:23  Viking  
  118  8:26  SCV x3  
  124  8:28  Supply Depot  
  120  8:36  Supply Depot  
  120  8:38  SCV x2  
  112  9:06  Marine x4  
  112  9:07  Marauder, Viking x4  
  112  9:08  Viking x2  
  130  9:23  Marine  
  130  9:24  Marine, Marauder x2  
  132  9:27  Marine  
  131  9:37  Viking x2  
  127  9:46  Marauder x2  
  129  9:59  Marine x3  
  132  10:00  Siege Tank  
  132  10:01  Viking  
  132  10:02  Viking x3  
  132  10:06  Marine  
  144  10:07  Marauder  
Tags
 
Matchup
PvT
Replay Pack
December
Spawn Locations
Cross Positions
Add a new tag
Caveats
  • Supply blocks, unpowered buildings, or Contaminate may cause inaccurate times.
  • Supply counts are checked every 10 seconds.